 Dungeon Crawl Stone Soup version 0.30.0-29-ga12c61a403 (webtiles) character file.

Game seed: 14958133937810555244

2003 H0rd4k the Cudgeller (level 9, -10/68 HPs)
             Began as a Human Artificer on June 21, 2023.
             Mangled by a hornet (12 damage)
             ... while paralysed by a hornet
             ... on level 7 of the Dungeon.
             The game lasted 00:13:32 (8296 turns).

H0rd4k the Cudgeller (Human Artificer)              Turns: 8296, Time: 00:13:33

Health: -10/68     AC:  3    Str: 13    XL:     9   Next: 45%
Magic:  9/9        EV:  2    Int: 22    God:
Gold:   306        SH:  0    Dex: 13    Spells: 8/8 levels left

rFire   . . .        E - +2 whip (flame)
rCold   . . .        (no shield)
rNeg    . . .        y - +0 leather armour {rPois}
rPois   +            (no helmet)
rElec   .            (no cloak)
rCorr   .            (no gloves)
SInv    .            (no boots)
Will    .....        (no amulet)
Stlth   ++           i - +5 ring of evasion
HPRegen 0.31/turn    j - +6 ring of intelligence
MPRegen 0.11/turn

%: no passive effects
@: paralysed, lethally poisoned (-10 -> -15), studying Axes
A: fangs 1
a: no special abilities


You were on level 7 of the Dungeon.
You visited 2 branches of the dungeon, and saw 8 of its levels.
You also visited: Sewer.

You collected 306 gold pieces.

Inventory:

Hand Weapons
 a - a +0 club
 d - a +0 flail
 E - a +2 whip of flaming (weapon)
Missiles
 o - 11 poisoned darts (quivered)
 t - 5 atropa-tipped darts
Armour
 k - a +0 helmet
 y - a +0 leather armour of poison resistance (worn)
Magical Staves
 z - a staff of cold
Jewellery
 i - a +5 ring of evasion (left hand)
 j - a +6 ring of intelligence (right hand)
 s - an amulet of faith
 v - a ring of resist corrosion
Wands
 e - a wand of iceblast (2)
 A - a wand of quicksilver (2)
 C - a wand of flame (25)
 F - a wand of mindburst (22)
Scrolls
 f - 5 scrolls of identify
 g - 2 scrolls of poison
 l - a scroll of amnesia {unknown}
 m - a scroll of vulnerability {unknown}
 p - a scroll of summoning {unknown}
 u - a scroll of immolation {unknown}
 x - a scroll of enchant weapon {unknown}
 B - a scroll of silence {unknown}
 D - a scroll of teleportation {unknown}
Potions
 b - 5 potions of flight
 c - a potion of haste
 h - 3 potions of invisibility
 n - 2 potions of degeneration
 q - 3 potions of lignification {unknown}
 r - 2 potions of brilliance
 w - 3 potions of heal wounds


   Skills:
 + Level 5.2 Fighting
 + Level 7.2 Maces & Flails
 + Level 3.0 Throwing
 - Level 2.0 Armour
 + Level 4.7 Dodging
 + Level 3.1 Stealth
 + Level 4.7 Evocations


You had 8 spell levels left.
You didn't know any spells.
Your spell library contained the following spells:

 Spells                   Type           Power      Damage    Failure   Level
 Freeze                   Ice            0%         1d3       22%         1
 Scorch                   Fire           0%         2d5       32%         2
 Frozen Ramparts          Ice            0%         1d1       54%         3
 Hailstorm                Conj/Ice       0%         3d3       54%         3
 Flame Wave               Conj/Fire      0%         2d4       91%         4
 Summon Cactus Giant      Summ           0%         N/A       100%        6
 Malign Gateway           Summ/Tloc      0%         N/A       100%        7
 Summon Horrible Things   Summ           0%         N/A       100%        8


Dungeon Overview and Level Annotations

Branches:
Dungeon (7/15)             Temple (1/1) D:4           Sewer (visited)

Altars:
Cheibriados
Dithmenos
Elyvilon
Fedhas
Hepliaklqana
Kikubaaqudgha
Makhleb
Nemelex Xobeh
Qazlal
Ru
Sif Muna
Trog
Uskayaw
Vehumet
Wu Jian
Yredelemnul
The Shining One

Shops:
D:4 :   D:5 [   D:7 [

Annotations:
D:3 1 runed translucent door, exclusion: door, kij's ghost, weakling GrEE
D:4 exclusion: downstairs
D:6 exclusion: downstairs


Innate Abilities, Weirdness & Mutations

You have very sharp teeth.


Message History

Found a stone staircase leading down.
There is a stone staircase leading up, spattered with blood here.
A hornet comes into view.
The centaur shoots an arrow.
The arrow misses you.
The centaur unwields a +0 shortbow.
The centaur hits you. The centaur misses you.
You hit the centaur. You burn the centaur.
The centaur is lightly wounded.
The centaur hits you. The centaur kicks you.
The hornet attacks as you move away! The hornet stings you!
The centaur barely misses you.
The centaur kicks you but does no damage.
The centaur hits you. The centaur kicks you. The hornet barely misses you.
You closely miss the hornet. The hornet closely misses you.
You hit the hornet but do no damage. Your bite misses the hornet.
The hornet misses you.
You hit the hornet. You burn the hornet.
The hornet is lightly wounded.
The hornet misses you.
You hit the hornet. You burn the hornet.
The hornet is heavily wounded.
The hornet stings you but does no damage.
You miss the hornet. Your bite misses the hornet.
The hornet is heavily wounded.
The hornet stings you!
* * * LOW HITPOINT WARNING * * *
You barely miss the hornet.
The hornet is heavily wounded.
The hornet completely misses you.
You closely miss the hornet. Your bite misses the hornet.
The hornet is heavily wounded.
The hornet stings you!
* * * LOW HITPOINT WARNING * * *
You suddenly lose the ability to move!
The hornet stings you!
* * * LOW HITPOINT WARNING * * *
You are lethally poisoned!
* * * LOW HITPOINT WARNING * * *
You feel sick. The hornet stings you!
You die...

... ... .. ...
... .##.. #.#
.....###.#
.........##
.........@# #
........#y#.#?#
........#c....#
.......<....###
/......./#..#
...............
...............#
.............>.#
#)
#######.......>#


You could see a hornet and a centaur.

Vanquished Creatures
  A two-headed ogre (D:5)
  Pikel (D:5)
  A steam dragon (D:6)
  A sky beast (D:6)
  A phantom (D:5)
  A bullfrog (D:6)
  A gnoll sergeant (D:6)
  A gnoll bouda (D:5)
  A hound (D:6)
  2 iguanas (D:6)
  2 orc wizards
  8 gnolls
  10 adders
  A river rat (Sewer)
  An ufetubus (D:4)
  2 worms
  4 dart slugs
  5 orcs
  10 ball pythons
  17 endoplasms
  8 giant cockroaches
  13 goblins
  12 hobgoblins
  2 jackals (D:1)
  7 kobolds
  5 quokkas
  11 bats
  8 frilled lizards
  11 rats
148 creatures vanquished.

Vanquished Creatures (collateral kills)
  Terence (D:3)
  A gnoll (D:2)
  A river rat (Sewer)
  2 orcs (D:3)
  2 endoplasms
  A hobgoblin (D:2)
  A frilled lizard (D:3)
9 creatures vanquished.

Vanquished Creatures (others)
  Robin (D:4)
  An adder (Sewer)
  A gnoll (D:2)
  A river rat (Sewer)
  A bat (D:3)
5 creatures vanquished.

Grand Total: 162 creatures vanquished

Notes
Turn   | Place    | Note
-------+----------+-------------------------------------------
     0 | D:1      | H0rd4k the Human Artificer began the quest for the Orb.
     0 | D:1      | Reached XP level 1. HP: 15/15 MP: 1/1
   184 | D:1      | Reached XP level 2. HP: 21/21 MP: 2/2
   496 | D:1      | Reached skill level 1 in Maces & Flails
   617 | D:1      | Reached XP level 3. HP: 26/26 MP: 3/3
  1151 | D:2      | Reached XP level 4. HP: 24/32 MP: 4/4
  1155 | D:2      | Reached skill level 2 in Maces & Flails
  1908 | D:2      | Reached XP level 5. HP: 38/38 MP: 5/5
  2346 | D:3      | Noticed kij's ghost (weakling GrEE)
  2371 | D:3      | Found a runed translucent door.
  2770 | D:3      | Noticed Terence
  2804 | D:3      | Your ally Terence died
  2827 | D:3      | You fall into a shaft and drop 2 floors!
  2827 | D:5      | Entered Level 5 of the Dungeon
  2835 | D:5      | Found a blossoming altar of Fedhas.
  2885 | D:5      | Noticed a lemure
  2885 | D:5      | Noticed a lemure
  2885 | D:5      | Noticed a lemure
  2886 | D:5      | Noticed a lemure
  2886 | D:5      | Noticed Pikel
  2965 | D:5      | Found a hide-covered altar of Uskayaw.
  3047 | D:5      | Noticed a phantom
  3082 | D:5      | Killed a phantom
  3083 | D:5      | Reached skill level 3 in Maces & Flails
  3083 | D:5      | Reached XP level 6. HP: 21/45 MP: 6/6
  3160 | D:5      | Found Honlis's Armour Shoppe.
  3348 | D:5      | Found a glowing drain.
  3358 | Sewer    | Entered a sewer
  3418 | Sewer    | Gained mutation: You have very sharp teeth. [potion of
                  | mutation]
  4293 | D:5      | Found a hazy altar of Hepliaklqana.
  4503 | D:6      | Noticed a steam dragon
  4524 | D:5      | Reached XP level 7. HP: 45/51 MP: 7/7
  4696 | D:4      | Found a staircase to the Ecumenical Temple.
  4716 | Temple   | Entered the Ecumenical Temple
  5011 | D:4      | Found a stormy altar of Qazlal.
  5011 | D:4      | Found a basalt altar of Yredelemnul.
  5011 | D:4      | Found a bloodstained altar of Trog.
  5021 | D:4      | Found a snail-covered altar of Cheibriados.
  5092 | D:4      | Found a white marble altar of Elyvilon.
  5161 | D:4      | Noticed Robin
  5178 | D:4      | Reached skill level 4 in Maces & Flails
  5195 | D:4      | Your ally Robin died
  5446 | D:4      | Found Imikihan's Tremendous Tomes.
  6159 | D:3      | Found an ancient bone altar of Kikubaaqudgha.
  6171 | D:3      | Found a shimmering blue altar of Sif Muna.
  7068 | D:5      | Reached skill level 1 in Throwing
  7261 | D:5      | Killed Pikel
  7262 | D:5      | Reached skill level 5 in Maces & Flails
  7262 | D:5      | Reached XP level 8. HP: 60/60 MP: 8/8
  7283 | D:5      | Noticed a two-headed ogre
  7310 | D:5      | Killed a two-headed ogre
  7311 | D:5      | Reached skill level 6 in Maces & Flails
  7311 | D:5      | Reached XP level 9. HP: 23/67 MP: 9/9
  7645 | D:6      | Reached skill level 5 in Fighting
  7680 | D:6      | Reached skill level 7 in Maces & Flails
  7710 | D:6      | Found a sacrificial altar of Ru.
  8115 | D:7      | Found Ifiogeig's Antique Armour Shoppe.
  8284 | D:7      | Noticed a hornet
  8295 | D:7      | Paralysed by a hornet for 1 turns
  8295 | D:7      | HP: 3/68 [hornet (8)]
  8296 | D:7      | Mangled by a hornet

Illustrated notes

Levels and vault maps discovered:
D:1:      lightli_arrival_isolated_outpost, layout_basic
D:2:      layout_loops_corners, kennysheep_generic_room_3
D:3:      layout_loops_ring, led_sif_pool, mainiacjoe_overflow_paths,
          hellmonk_ghost_happy_afterlife, uniq_terence
D:4:      layout_loops_ring, nicolae_elyvilon_peaceful_grove,
          grunt_temple_overflow_cloverleaf, minmay_temple_entry_wispy,
          serial_rivers, chequers_serial_rivers_marsh,
          chequers_serial_rivers_marsh, chequers_serial_rivers_micro_e,
          chequers_serial_rivers_large_b, st_stairs_8, minivault_26,
          nrook_mini_vaults, nicolae_shop_i_like_big_books, uniq_robin
D:5:      kennysheep_big_flooded_room, layout_basic, amcnicky_altar_gilded,
          fedhas_ov_isle_minmay, nicolae_overflow_hidden_temple,
          serial_corexii_hall, corexii_hall_statues_t, chequers_hall_statues_y,
          corexii_hall_statues_l, corexii_hall_statues_i, portal_sewer_entry_e,
          serial_shops, shop, uniq_pikel
D:6:      layout_basic, nicolae_ru_path_of_blood
D:7:      layout_rooms, general_overflow_altar, serial_shops, shop, shop
Temple:   hellmonk_temple_two_chambers

Skill      XL: |  1  2  3  4  5  6  7  8  9 |
---------------+----------------------------+-----
Maces & Flails | 1 2 3 5 6 7 |  7.2
Dodging        | 2 3 4 |  4.7
Fighting       | 2 4 5 |  5.2
Stealth        | 2 3 |  3.1
Evocations     | 4 |  4.7
Throwing       | 1 2 3 |  3.0
Armour         | |  2.0

Action                     |  1- 3 |  4- 6 |  7- 9 || total
---------------------------+-------+-------+-------++-------
  Melee: Club              |   143 |   542 |   105 ||   790
         Punch             |     2 |    10 |     1 ||    13
         Bite              |       |    20 |    20 ||    40
         Flail             |       |       |    63 ||    63
         Whip              |       |       |    66 ||    66
  Throw: Dart              |       |     6 |    23 ||    29
  Evoke: Wand              |     3 |    29 |    11 ||    43
    Use: Potion            |       |     5 |     2 ||     7
         Scroll            |       |     5 |     1 ||     6
   Stab: Sleeping          |     3 |     7 |       ||    10
 Armour: Leather armour    |    40 |    32 |    26 ||    98
         Scale mail        |       |   173 |       ||   173
  Dodge: Dodged            |   105 |   568 |   212 ||   885
